 Dungeon Sprint DCSS version 0.26-a0-712-ga5a9c9c9d0 (webtiles) character file.

Game seed: 16930924578830721465

3052 sahdkjhfkaj the Brawler (level 9, -11/112 HPs)
             Began as a Troll Monk on Nov 1, 2020.
             Was the Champion of Jiyva.
             Killed from afar by a crystal guardian (55 damage)
             ... with a crystal bolt
             ... in the Dungeon (Sprint II: "The Violet Keep of Menkaure").
             The game lasted 00:03:55 (811 turns).

sahdkjhfkaj the Brawler (Troll Monk)                 Turns: 811, Time: 00:03:56

Health: -11/112    AC:  9    Str: 23    XL:     9   Next: 57%
Magic:  8/8        EV: 13    Int:  3    God:    Jiyva [******]
Gold:   860        SH: 11    Dex: 16    Spells: 8/8 levels left

rFire    . . .     SeeInvis .     - Unarmed
rCold    . . .     Faith    .   h - +0 kite shield
rNeg     . . .     Spirit   .   a - +0 robe
rPois    .         Reflect  .   (helmet restricted)
rElec    .         Harm     .   (no cloak)
rCorr    +         Rampage  .   (gloves unavailable)
MR       .....     NoTele   +   (boots unavailable)
Stlth    ++........             (no amulet)
HPRegen  0.68/turn              (no ring)
MPRegen  0.11/turn              (no ring)

@: no status effects
A: large, unfitting armour, antennae 1, beak, claws 3, hooves 1, molten scales
1, high mp 1, regeneration 1, robust 1, shaggy fur 1, tough skin 3, acidic bite,
gelatinous body 2, pseudopods 2, translucent skin 2, jelly sensing items
a: Request Jelly, Slimify, Cure Bad Mutation, Renounce Religion


You were in the Dungeon.
You worshipped Jiyva.
Jiyva was exalted by your worship.
You visited 1 branch You collected 972 gold pieces.
You spent 112 gold pieces at shops.

Inventory:

Armour
 a - a +0 robe (worn)
 h - a +0 kite shield (worn)
Scrolls
 g - a scroll of blinking {!r}
Potions
 b - a potion of curing {!q}
 c - a potion of heal wounds {!q}
 d - a potion of haste {!q}
 e - 2 potions of magic {!q}
 f - a potion of berserk rage {!q}


   Skills:
 + Level 10.4 Fighting
 - Level 2.4 Dodging
 - Level 1.0 Stealth
 - Level 9.0 Shields
 - Level 15.1 Unarmed Combat


You had 8 spell levels left.
You didn't know any spells.
Your spell library was empty.

Dungeon Overview and Level Annotations

Branches:
Dungeon (1/1)

Altars:
Cheibriados
Dithmenos
Elyvilon
Fedhas
Gozag
Hepliaklqana
Kikubaaqudgha
Makhleb
Nemelex Xobeh
Okawaru
Qazlal
Ru
Sif Muna
Trog
Uskayaw
Vehumet
Wu Jian
Xom
Yredelemnul
Zin
The Shining One
Beogh
Jiyva
Lugonu

Shops:
D !:[*}[}[[(=!?:=


Innate Abilities, Weirdness & Mutations

You are too large for most types of armour.
You have claws for hands.
Your natural rate of healing is unusually fast.
You are covered in fur. (AC +1)
You have extremely tough skin. (AC +3)
You have a pair of small antennae on your head.
You have a beak for a mouth.
You have large cloven feet.
You are partially covered in molten scales. (AC +2)
You have an increased reservoir of magic. (+10% MP)
You are robust. (+10% HP)
You have acidic saliva.
Your pliable body absorbs attacks. (AC +2, EV +2)
Armour fits poorly on your large pseudopods.
Your translucent skin reduces your foes' accuracy. (Stealth)
You have a small jelly attached to you that senses nearby items.


Message History

You kick the crystal guardian, but do no damage.
You peck the crystal guardian, but do no damage.
You bite the crystal guardian, but do no damage.
You bludgeon the crystal guardian, but do no damage.
The crystal guardian is moderately damaged.
The crystal guardian hits you!!
* * * LOW HITPOINT WARNING * * *
Your azure jelly hits the crystal guardian but does no damage. x4
You scratch the crystal guardian but do no damage.
You kick the crystal guardian, but do no damage.
The crystal guardian is moderately damaged.
Unknown command.
You scratch the crystal guardian but do no damage.
You peck the crystal guardian, but do no damage.
You bludgeon the crystal guardian.
The crystal guardian is moderately damaged.
Your azure jelly hits the crystal guardian but does no damage. x4
The crystal guardian fires a crystalline bolt at you.
The crystal bolt misses you. The crystal bolt freezes you!!!
You die... †§'#+++## ^.. ## §.≈(....#∆ .. .# .##'##..#∆∆ #. . ∆∆ ##.#.##.#### ∆+.##. ∆∆ #.≈##.#....#∆∆ ^..#### ##..#####..## #^.##.# $$[ ###'###.##..#∆{+^.#..# [)!?

.##.##...#..# ∆#.8#..#▓[?$!
.'.<.'###...####@J##.#▓$$.[
.##.##...#....###^..##▓▓▓▓▓
###'###.##......≈≈≈≈≈≈≈≈≈≈≈≈
###.#####≈≈.....≈#'########+
#..#..#≈≈≈≈≈≈≈..≈#....._._#§
##.#.##≈≈≈§≈≈≈≈.≈#...._._.#≈
≈##'##≈≈§≈≈≈§≈≈≈≈#..._._._#≈
≈≈≈≈≈≈≈§≈≈≈§≈≈≈≈≈#.._._._.#≈
+++#+++#≈§≈≈≈≈§§≈#._._._._#≈


You could see a crystal guardian and a friendly azure jelly (summoned).

Vanquished Creatures
  12 flying skulls (D)
  2 redbacks (D)
  A vampire mosquito (D)
  Menkaure (D)
  A water moccasin (D)
  2 electric eels (D)
  4 worker ants (D)
  3 worms (D)
26 creatures vanquished.

Vanquished Creatures (collateral kills)
  A merfolk siren (D)
1 creature vanquished.

Vanquished Creatures (others)
  A deep elf blademaster (D)
  An azure jelly (D)
  Kirke (D)
  A dire elephant (D)
  A death ooze (D)
  An eye of devastation (D)
  2 death drakes (D)
  A harpy (D)
  3 orc sorcerers (D)
  An oklob plant (D)
  An elephant (D)
  A yaktaur (D)
  3 polar bears (D)
  A hornet (D)
  2 slime creatures (D)
  A golden eye (D)
  2 swamp drakes (D)
  23 jellies (D)
47 creatures vanquished.

Grand Total: 74 creatures vanquished

Notes
Turn   | Place    | Note
-------+----------+-------------------------------------------
     0 | D        | sahdkjhfkaj the Troll Monk began the quest for the Orb.
     0 | D        | Reached XP level 1. HP: 22/22 MP: 0/0
     1 | D        | Noticed a boulder beetle
     1 | D        | Noticed a boulder beetle
     9 | D        | Reached skill level 4 in Unarmed Combat
    18 | D        | Noticed an electric eel
    18 | D        | Noticed an electric eel
    18 | D        | Noticed an electric eel
    19 | D        | Noticed an electric eel
    19 | D        | Noticed an electric eel
    23 | D        | Reached skill level 5 in Unarmed Combat
    23 | D        | Reached XP level 2. HP: 27/29 MP: 1/1
    25 | D        | Noticed an electric eel
    25 | D        | Noticed Menkaure
    29 | D        | Killed Menkaure
    29 | D        | Reached skill level 10 in Unarmed Combat
    29 | D        | Reached XP level 3. HP: 32/36 MP: 2/2
    29 | D        | Reached XP level 4. HP: 39/44 MP: 3/3
    36 | D        | Noticed a water moccasin
    42 | D        | Found a snail-covered altar of Cheibriados.
    42 | D        | Found a roughly hewn altar of Beogh.
    45 | D        | Killed a water moccasin
    45 | D        | Reached XP level 5. HP: 49/50 MP: 4/4
    46 | D        | Found a shadowy altar of Dithmenos.
    46 | D        | Found a viscous altar of Jiyva.
    47 | D        | Found a white marble altar of Elyvilon.
    47 | D        | Found an ancient bone altar of Kikubaaqudgha.
    48 | D        | Found a blossoming altar of Fedhas.
    48 | D        | Found a corrupted altar of Lugonu.
    48 | D        | Found a shimmering blue altar of Sif Muna.
    49 | D        | Found an opulent altar of Gozag.
    49 | D        | Found a burning altar of Makhleb.
    49 | D        | Found a bloodstained altar of Trog.
    50 | D        | Found a sparkling altar of Nemelex Xobeh.
    50 | D        | Found a hide-covered altar of Uskayaw.
    51 | D        | Found a basalt altar of Yredelemnul.
    52 | D        | Found an iron altar of Okawaru.
    52 | D        | Found a radiant altar of Vehumet.
    52 | D        | Found a glowing silver altar of Zin.
    52 | D        | Found a hazy altar of Hepliaklqana.
    52 | D        | Found a sacrificial altar of Ru.
    52 | D        | Found a shimmering altar of Xom.
    53 | D        | Found a stormy altar of Qazlal.
    53 | D        | Found an ornate altar of the Wu Jian Council.
    53 | D        | Found a glowing golden altar of the Shining One.
    59 | D        | Became a worshipper of Jiyva Juneku the Shapeless
    59 | D        | Reached * piety under Jiyva
    59 | D        | Reached ** piety under Jiyva
    60 | D        | Reached *** piety under Jiyva
    60 | D        | Gained mutation: You have acidic saliva. [Jiyva's grace]
    60 | D        | Reached **** piety under Jiyva
    60 | D        | Gained mutation: Your flesh is cold resistant. (rC+)
                  | [Jiyva's grace]
    60 | D        | Reached ***** piety under Jiyva
    60 | D        | Killed an oklob plant
    60 | D        | Lost mutation: You have acidic saliva. [Jiyva's grace]
    61 | D        | Lost mutation: Your flesh is cold resistant. (rC+) [Jiyva's
                  | grace]
    61 | D        | Reached ****** piety under Jiyva
    61 | D        | Gained mutation: You are covered in slimy tendrils that may
                  | disarm your opponents. [Jiyva's grace]
    61 | D        | Gained mutation: You have a pair of small horns on your
                  | head. [Jiyva's grace]
    61 | D        | Lost mutation: You have a pair of small horns on your head.
                  | [Jiyva's grace]
    62 | D        | Gained mutation: Your spells are a little harder to cast,
                  | but a little more powerful. [Jiyva's grace]
    62 | D        | Gained mutation: You are resistant to hostile enchantments.
                  | (MR+) [Jiyva's grace]
    62 | D        | Gained mutation: You possess an exceptional clarity of
                  | mind. [Jiyva's grace]
    62 | D        | Lost mutation: You are resistant to hostile enchantments.
                  | (MR+) [Jiyva's grace]
    62 | D        | Gained mutation: You have a small jelly attached to you
                  | that senses nearby items. [Jiyva's grace]
    62 | D        | Gained mutation: Your flesh is cold resistant. (rC+)
                  | [Jiyva's grace]
    63 | D        | Gained mutation: You have a small jelly attached to you
                  | that may absorb incoming projectiles. [Jiyva's grace]
    64 | D        | Lost mutation: Your flesh is cold resistant. (rC+) [Jiyva's
                  | grace]
    64 | D        | Gained mutation: Your translucent skin slightly reduces
                  | your foes' accuracy. (Stealth) [Jiyva's grace]
    66 | D        | Gained mutation: You are weak. (Str -2) [Jiyva's grace]
    66 | D        | Gained mutation: You are resistant to electric shocks.
                  | (rElec) [Jiyva's grace]
    66 | D        | Gained mutation: You have a beak for a mouth. [Jiyva's
                  | grace]
    66 | D        | Lost mutation: You possess an exceptional clarity of mind.
                  | [Jiyva's grace]
    66 | D        | Gained mutation: Your body has grown golden eyes which may
                  | confuse attackers. (Acc +3) [Jiyva's grace]
    67 | D        | Lost mutation: You have a small jelly attached to you that
                  | senses nearby items. [Jiyva's grace]
    67 | D        | Gained mutation: You possess an exceptional clarity of
                  | mind. [Jiyva's grace]
    71 | D        | Gained mutation: You heal very quickly. [Jiyva's grace]
    76 | D        | Noticed a flying skull
    76 | D        | Noticed a flying skull
    76 | D        | Noticed a flying skull
    78 | D        | Noticed a flying skull
    79 | D        | Noticed a flying skull
    79 | D        | Noticed a flying skull
    79 | D        | Noticed a flying skull
    79 | D        | Noticed a flying skull
    79 | D        | Noticed a flying skull
    80 | D        | Noticed a flying skull
    81 | D        | Noticed a flying skull
    84 | D        | Reached skill level 11 in Unarmed Combat
    86 | D        | Noticed a flying skull
    92 | D        | Gained mutation: Your body has grown many golden eyes which
                  | may confuse attackers. (Acc +5) [Jiyva's grace]
    93 | D        | Reached skill level 12 in Unarmed Combat
   103 | D        | Noticed a merfolk siren
   112 | D        | Killed a merfolk siren
   112 | D        | Reached skill level 14 in Unarmed Combat
   112 | D        | Reached XP level 6. HP: 30/59 MP: 5/5
   112 | D        | Reached XP level 7. HP: 34/66 MP: 6/6
   119 | D        | Lost mutation: You have a small jelly attached to you that
                  | may absorb incoming projectiles. [Jiyva's grace]
   123 | D        | Found Sesum's Jewellery Shop.
   123 | D        | Found Vyces's Distillery.
   123 | D        | Found Vinu's Book Boutique.
   123 | D        | Found Ymiuf's Jewellery Shop.
   125 | D        | Found Desuiryh's Antique Weapon Boutique.
   125 | D        | Found Nolas's Antique Armour Shop.
   125 | D        | Found Jolonwi's Antique Armour Boutique.
   126 | D        | Found Biucsuj's Antique Armour Boutique.
   126 | D        | Found Bouhomp's Gadget Shop.
   126 | D        | Noticed a slime creature
   127 | D        | Found Sunupseg's Magic Scroll Shop.
   127 | D        | Found Vuown's Gadget Boutique.
   127 | D        | Noticed a slime creature
   128 | D        | Found Innoihuq's General Store.
   128 | D        | Found More's Antique Armour Shop.
   128 | D        | Noticed a shining eye
   129 | D        | Found Pepaeh's Book Shoppe.
   129 | D        | Found Reum's Distillery.
   130 | D        | Noticed a slime creature
   131 | D        | Noticed a shining eye
   131 | D        | Noticed a shining eye
   141 | D        | Bought a kite shield for 112 gold pieces
   154 | D        | Gained mutation: Your translucent skin reduces your foes'
                  | accuracy. (Stealth) [Jiyva's grace]
   155 | D        | Noticed a vampire mosquito
   160 | D        | Killed a vampire mosquito
   161 | D        | Gained mutation: You have a somewhat thin skeletal
                  | structure. (Dex +2, Stealth) [Jiyva's grace]
   163 | D        | Gained mutation: Your system is resistant to poisons.
                  | (rPois) [Jiyva's grace]
   164 | D        | Lost mutation: Your body has grown many golden eyes which
                  | may confuse attackers. (Acc +5) [Jiyva's grace]
   165 | D        | Gained mutation: Your flesh is cold resistant. (rC+)
                  | [Jiyva's grace]
   166 | D        | Lost mutation: You are covered in slimy tendrils that may
                  | disarm your opponents. [Jiyva's grace]
   166 | D        | Lost mutation: You are weak. (Str -2) [Jiyva's grace]
   168 | D        | Lost mutation: You heal very quickly. [Jiyva's grace]
   169 | D        | Lost mutation: You possess an exceptional clarity of mind.
                  | [Jiyva's grace]
   170 | D        | Killed a golden eye
   171 | D        | Lost mutation: Your body has grown golden eyes which may
                  | confuse attackers. (Acc +3) [Jiyva's grace]
   172 | D        | Lost mutation: Your spells are a little harder to cast, but
                  | a little more powerful. [Jiyva's grace]
   172 | D        | Gained mutation: You are partially covered in large bone
                  | plates. (SH +4) [Jiyva's grace]
   172 | D        | Gained mutation: You are agile. (Dex +2) [Jiyva's grace]
   174 | D        | Killed a flying skull
   174 | D        | Reached skill level 5 in Shields
   174 | D        | Gained mutation: You have large cloven feet. [Jiyva's
                  | grace]
   177 | D        | Gained mutation: Your muscles are strong. (Str +2) [Jiyva's
                  | grace]
   181 | D        | Gained mutation: Armour fits poorly on your pseudopods.
                  | [Jiyva's grace]
   183 | D        | Lost mutation: You have large cloven feet. [Jiyva's grace]
   185 | D        | Gained mutation: Your mind is acute. (Int +2) [Jiyva's
                  | grace]
   185 | D        | Gained mutation: You heal very quickly. [Jiyva's grace]
   187 | D        | Killed a flying skull
   188 | D        | Lost mutation: Your mind is acute. (Int +2) [Jiyva's grace]
   190 | D        | Gained mutation: You have a small jelly attached to you
                  | that senses nearby items. [Jiyva's grace]
   192 | D        | Killed a flying skull
   192 | D        | Reached XP level 8. HP: 74/74 MP: 7/7
   197 | D        | Killed a flying skull
   205 | D        | Killed a flying skull
   205 | D        | Reached skill level 15 in Unarmed Combat
   213 | D        | Killed a flying skull
   215 | D        | Killed a flying skull
   215 | D        | Reached skill level 5 in Fighting
   220 | D        | Killed a flying skull
   225 | D        | Killed a flying skull
   225 | D        | Reached XP level 9. HP: 79/93 MP: 8/8
   282 | D        | Slimified a boulder beetle
   282 | D        | a boulder beetle changed into a slime creature
   292 | D        | Slimified a boulder beetle
   292 | D        | Noticed an azure jelly
   292 | D        | a boulder beetle changed into an azure jelly
   292 | D        | Lost mutation: You have a somewhat thin skeletal structure.
                  | (Dex +2, Stealth) [Jiyva's grace]
   304 | D        | Lost mutation: You are agile. (Dex +2) [Jiyva's grace]
   362 | D        | Killed a harpy
   411 | D        | Killed a polar bear
   411 | D        | Killed a deep elf blademaster
   414 | D        | Killed a polar bear
   416 | D        | Gained mutation: Your mind is acute. (Int +2) [Jiyva's
                  | grace]
   416 | D        | Gained mutation: Your mind is very acute. (Int +4) [Jiyva's
                  | grace]
   416 | D        | Killed a yaktaur
   416 | D        | Lost mutation: Your mind is very acute. (Int +4) [Jiyva's
                  | grace]
   417 | D        | Gained mutation: You are agile. (Dex +2) [Jiyva's grace]
   419 | D        | Noticed Kirke
   419 | D        | Noticed a yaktaur captain
   419 | D        | Noticed a skeletal warrior
   419 | D        | Killed a polar bear
   420 | D        | Gained mutation: You have an increased reservoir of magic.
                  | (+10% MP) [Jiyva's grace]
   424 | D        | Gained mutation: You have sharp toenails. [Jiyva's grace]
   429 | D        | Lost mutation: You are partially covered in large bone
                  | plates. (SH +4) [Jiyva's grace]
   454 | D        | Noticed an elephant
   457 | D        | Slimified a yaktaur captain
   457 | D        | a yaktaur captain changed into a slime creature
   463 | D        | Lost mutation: You are agile. (Dex +2) [Jiyva's grace]
   468 | D        | Gained mutation: You expend magic power (3 MP) to
                  | strengthen your wands. [Jiyva's grace]
   469 | D        | Lost mutation: You heal very quickly. [Jiyva's grace]
   471 | D        | Gained mutation: You have acidic saliva. [Jiyva's grace]
   473 | D        | Gained mutation: You are covered in slimy tendrils that may
                  | disarm your opponents. [Jiyva's grace]
   474 | D        | Lost mutation: You expend magic power (3 MP) to strengthen
                  | your wands. [Jiyva's grace]
   475 | D        | Lost mutation: Your mind is acute. (Int +2) [Jiyva's grace]
   476 | D        | Slimified a skeletal warrior
   476 | D        | Noticed a death ooze
   476 | D        | a skeletal warrior changed into a death ooze
   478 | D        | Lost mutation: You have a small jelly attached to you that
                  | senses nearby items. [Jiyva's grace]
   478 | D        | Gained mutation: Your transparent skin significantly
                  | reduces your foes' accuracy. (Stealth) [Jiyva's grace]
   479 | D        | Lost mutation: Your system is resistant to poisons. (rPois)
                  | [Jiyva's grace]
   480 | D        | Killed an elephant
   481 | D        | Lost mutation: Your muscles are strong. (Str +2) [Jiyva's
                  | grace]
   481 | D        | Gained mutation: You are partially covered in molten
                  | scales. (AC +2) [Jiyva's grace]
   482 | D        | Gained mutation: Armour fits poorly on your large
                  | pseudopods. [Jiyva's grace]
   482 | D        | Lost mutation: Your flesh is cold resistant. (rC+) [Jiyva's
                  | grace]
   483 | D        | Gained mutation: You evolve. [Jiyva's grace]
   484 | D        | Lost mutation: You have sharp toenails. [Jiyva's grace]
   484 | D        | Gained mutation: You have a small jelly attached to you
                  | that may absorb incoming projectiles. [Jiyva's grace]
   486 | D        | Lost mutation: You are resistant to electric shocks.
                  | (rElec) [Jiyva's grace]
   487 | D        | Lost mutation: You are covered in slimy tendrils that may
                  | disarm your opponents. [Jiyva's grace]
   487 | D        | Lost mutation: You have a small jelly attached to you that
                  | may absorb incoming projectiles. [Jiyva's grace]
   487 | D        | Killed Kirke
   487 | D        | Killed a death ooze
   487 | D        | Reached skill level 10 in Fighting
   487 | D        | Gained mutation: Your flesh is cold resistant. (rC+)
                  | [Jiyva's grace]
   489 | D        | Lost mutation: You evolve. [Jiyva's grace]
   489 | D        | Gained mutation: You are somewhat resistant to further
                  | mutation. [Jiyva's grace]
   489 | D        | Gained mutation: You are partially covered in iridescent
                  | scales. (AC +2) [Jiyva's grace]
   489 | D        | Gained mutation: Armour fits poorly on your massive
                  | pseudopods. [Jiyva's grace]
   490 | D        | Noticed a kobold demonologist
   490 | D        | Lost mutation: Armour fits poorly on your massive
                  | pseudopods. [Jiyva's grace]
   490 | D        | Gained mutation: You have a small jelly attached to you
                  | that senses nearby items. [Jiyva's grace]
   490 | D        | Lost mutation: Your flesh is cold resistant. (rC+) [Jiyva's
                  | grace]
   491 | D        | Gained mutation: You have large cloven feet. [Jiyva's
                  | grace]
   491 | D        | Gained mutation: Your mind is acute. (Int +2) [Jiyva's
                  | grace]
   495 | D        | Lost mutation: Your mind is acute. (Int +2) [Jiyva's grace]
   495 | D        | Gained mutation: Your rubbery body absorbs attacks. (AC +1,
                  | EV +1) [Jiyva's grace]
   503 | D        | Killed an orc sorcerer
   506 | D        | Gained mutation: Your system is resistant to poisons.
                  | (rPois) [Jiyva's grace]
   514 | D        | Killed an orc sorcerer
   515 | D        | Killed an orc sorcerer
   517 | D        | Lost mutation: Your system is resistant to poisons. (rPois)
                  | [Jiyva's grace]
   517 | D        | Gained mutation: Your body has grown golden eyes which may
                  | confuse attackers. (Acc +3) [Jiyva's grace]
   525 | D        | Killed a death drake
   528 | D        | Lost mutation: Your body has grown golden eyes which may
                  | confuse attackers. (Acc +3) [Jiyva's grace]
   528 | D        | Lost mutation: You are somewhat resistant to further
                  | mutation. [Jiyva's grace]
   528 | D        | Gained mutation: You evolve. [Jiyva's grace]
   530 | D        | Killed a death drake
   531 | D        | Gained mutation: Your pliable body absorbs attacks. (AC +2,
                  | EV +2) [Jiyva's grace]
   531 | D        | Lost mutation: You are partially covered in iridescent
                  | scales. (AC +2) [Jiyva's grace]
   543 | D        | Killed an azure jelly
   563 | D        | Killed an eye of devastation
   564 | D        | Killed a dire elephant
   635 | D        | Gained mutation: You are robust. (+10% HP) [Jiyva's grace]
   653 | D        | Noticed a crystal guardian
   698 | D        | Gained mutation: You have a pair of small antennae on your
                  | head. [Jiyva's grace]
   715 | D        | Lost mutation: You evolve. [Jiyva's grace]
   715 | D        | Lost mutation: Your transparent skin significantly reduces
                  | your foes' accuracy. (Stealth) [Jiyva's grace]
   811 | D        | Killed from afar by a crystal guardian

Illustrated notes

Levels and vault maps discovered:
D:        the_violet_keep_of_menkaure [sprint2_stairs_cluster_1,
          sprint2_shoproom, sprint2_temple, sprint2_basic_supplies,
          sprint2_obstacle_1, sprint2_obstacle_4, sprint2_obstacle_7,
          sprint2_obstacle_6, sprint2_obstacle_2, sprint2_timed_cluster_1,
          sprint2_smallroom_cluster_1, sprint2_smallroom_final_cluster_1,
          sprint2_transparent_cluster_1, sprint2_second_timed_cluster_1,
          sprint2_sniper_area_1, sprint2_heavy_combat_area_1,
          sprint2_mutation_trap_area_1, sprint2_forest_area_1,
          sprint2_light_combat_area_1, sprint2_behind_water_1,
          sprint2_near_end_vault_1]

Skill      XL: |  1  2  3  4  5  6  7  8  9 |
---------------+----------------------------+-----
Unarmed Combat | 5 10 14 15 | 15.1
Shields        | 7 9 |  9.0
Fighting       | 7 10 | 10.4
Dodging        | |  2.4
Stealth        | |  1.0

Action                   |  1- 3 |  4- 6 |  7- 9 || total
-------------------------+-------+-------+-------++-------
Melee: Unarmed           |    13 |    20 |    97 ||   130
       Peck              |       |     4 |    20 ||    24
       Punch             |       |     1 |       ||     1
       Kick              |       |       |    10 ||    10
       Pseudopods        |       |       |    10 ||    10
       Bite              |       |       |     2 ||     2
Invok: Slimify           |       |       |     4 ||     4
 Stab: Distracted        |       |       |     2 ||     2
Armor: Robe              |     2 |     7 |     4 ||    13
Dodge: Dodged            |     1 |     5 |    34 ||    40
Block: Kite shield       |       |       |    34 ||    34

Table legend: (Time is in decaauts)
 A = Elapsed time spent in this place.
 B = Non-inter-level travel time spent in this place.
 C = Inter-level travel time spent in this place.
 D = Time resting spent in this place.
 E = Time spent auto-exploring this place.
 F = Levels seen in this place.
 G = Mean time per level.
                   A        B        C        D        E       F      G
               +--------+--------+--------+--------+--------+-----+--------+
         Total |    799 |    799 |      0 |    391 |      0 |   1 |  799.0 |
       Dungeon |    799 |    799 |      0 |    391 |      0 |   1 |  799.0 |
               +--------+--------+--------+--------+--------+-----+--------+

Top non-repeatable levels by time:
       D: 799 daAuts
